 Seeded DCSS version 0.29.1-13-g9f3cf754e1 (webtiles) character file.

Game seed: 1 (custom seed)

3 Kazon the Trooper (level 1, -2/19 HPs)
             Began as a Draconian Fighter on Feb 1, 2023.
             Slain by a goblin
             ... wielding a +0 club
              (3 damage)
             ... on level 1 of the Dungeon.
             The game lasted 00:00:53 (237 turns).

Kazon the Trooper (Draconian Fighter)                Turns: 237, Time: 00:00:54

Health: -2/19      AC:  5    Str: 18    XL:     1   Next: 41%
Magic:  1/1        EV: 12    Int:  8    God:
Gold:   35         SH:  4    Dex: 12    Spells: 0/0 levels left

rFire   . . .      SeeInvis .   a - +0 long sword
rCold   . . .      Faith    .   b - +0 buckler
rNeg    . . .      Spirit   .   (body armour unavailable)
rPois   .          Reflect  .   (helmet restricted)
rElec   +          Harm     .   (no cloak)
rCorr   .          Rampage  .   d - +0 pair of gloves of the Heavens {rElec Dex+2}
Will    .....                   (no boots)
Stlth   +.........              e - amulet of the acrobat
HPRegen 0.06/turn               (no ring)
MPRegen 0.07/turn               (no ring)

@: slowed, very slow
A: AC +4, unfitting armour, cold-blooded
a: no special abilities


You were on level 1 of the Dungeon.
You visited 1 branch of the dungeon, and saw 1 of its levels.

You collected 35 gold pieces.

Inventory:

Hand Weapons
 a - a +0 long sword (weapon)
Armour
 b - a +0 buckler (worn)
 d - the +0 pair of gloves of the Heavens (worn) {rElec Dex+2}
   (You acquired it on level 1 of the Dungeon)

   Dex:       It affects your dexterity (+2).
   rElec:     It insulates you from electricity.
Jewellery
 e - an amulet of the acrobat (around neck)
Potions
 c - a potion of might
 f - a potion of haste {unknown}
 g - a potion of flight {unknown}


   Skills:
 + Level 3.3 Fighting
 + Level 2.0 Long Blades
 + Level 2.8 Dodging
 + Level 3.0 Shields


You couldn't memorise any spells.
You didn't know any spells.
Your spell library was empty.

Dungeon Overview and Level Annotations

Branches:
Dungeon (1/15)

Altars:


Innate Abilities, Weirdness & Mutations

Your plain brown scales are hard. (AC +4)
You cannot fit into any form of body armour.
You are cold-blooded and may be slowed by cold attacks.


Message History

The endoplasm freezes you.
You are frozen.
You hit the endoplasm but do no damage.
Your tail-slap misses the endoplasm.
The endoplasm is heavily wounded.
The endoplasm hits you. The endoplasm closely misses you.
You slash the endoplasm!
You kill the endoplasm!
You feel yourself speed up.
You see here a +0 whip.
g - a ruby potion You now have 35 gold pieces (gained 4).
You open the door.
There is an open door here.
HP restored.
A goblin comes into view. It is wielding a +0 club.
The goblin shouts!
An endoplasm comes into view.
You completely miss the goblin. The goblin misses you.
You hit the goblin but do no damage.
Your tail-slap misses the goblin.
The goblin closely misses you. The endoplasm freezes you.
You are frozen.
The goblin barely misses you.
You hit the endoplasm.
The endoplasm is severely wounded.
The endoplasm freezes you.
You are frozen.
The goblin hits you but does no damage.
You closely miss the goblin. The endoplasm freezes you.
You are frozen.
You feel yourself slow down. The goblin hits you with a +0 club.
You hit the endoplasm.
The endoplasm is almost dead.
The endoplasm hits you but does no damage.
You block the goblin's attack. The endoplasm freezes you.
You are frozen.
* * * LOW HITPOINT WARNING * * *
You feel as though you will be slow longer.
The goblin hits you with a +0 club.
You die...

...# #.......... ...#
#......... ...#
#.......# . ...#
#.......# .. ...#
#.......# ...
...###.......# ....
.............## .....
.....).......'####......
................@g......
.................J......
..####.####.........####
..# #.# #.........# ..#
#.# #.........# ..# #.#
#.........# .. #.#
#.........# ..#
#.........# #.........#


You could see an endoplasm and a goblin.

Vanquished Creatures
  An endoplasm (D:1)
  A kobold (D:1)
  A bat (D:1)
3 creatures vanquished.

Notes
Turn   | Place    | Note
-------+----------+-------------------------------------------
     0 | D:1      | Kazon the Draconian Fighter began the quest for the Orb.
     0 | D:1      | Reached XP level 1. HP: 19/19 MP: 1/1
    37 | D:1      | Identified a scroll of acquirement
    37 | D:1      | Acquired the +0 pair of gloves of the Heavens {rElec Dex+2}
   237 | D:1      | Slain by a goblin

Illustrated notes

Levels and vault maps discovered:
D:1:      dpeg_arrival_three_smaller_balls, layout_basic

Action                   || total
-------------------------++-------
Melee: Long sword        ||    12
  Use: Scroll            ||     1
Armor: Skin              ||    13
Dodge: Dodged            ||    18
Block: Buckler           ||     4
